 Dungeon Crawl Stone Soup version 0.29-a0-11-ga75d3d97ab (webtiles) character file.

Game seed: 13841451379410386173

285 oldriver the Skirmisher (level 6, -1/45 HPs)
             Began as an Octopode Transmuter on Jan 29, 2022.
             Slain by a quasit (3 damage)
             ... in a sewer.
             The game lasted 00:08:28 (5241 turns).

oldriver the Skirmisher (Octopode Transmuter)       Turns: 5241, Time: 00:08:28

Health: -1/45      AC:  1    Str:  9    XL:     6   Next: 29%
Magic:  9/9        EV:  2    Int: 18    God:
Gold:   39         SH:  0    Dex: -7 (12) Spells: 3/9 levels left

rFire   . . .      SeeInvis .   c - +2 short sword (venom)
rCold   . . .      Faith    .   (no shield)
rNeg    . . .      Spirit   .   (helmet restricted)
rPois   .          Reflect  .   (no amulet)
rElec   .          Harm     .   f - ring of willpower
rCorr   .          Rampage  .   (no ring)
Will    +....                   (no ring)
Stlth   ..........              (no ring)
HPRegen 0.15/turn               (no ring)
MPRegen 0.11/turn               (no ring)
                                (no ring)
                                (no ring)

@: slowed, lost dexterity, very slow
A: almost no armour, amphibious, 8 rings, camouflage 1, gelatinous body 1,
nimble swimmer 1, tentacles
a: no special abilities


You were in a sewer.
You visited 1 branch of the dungeon, and saw 3 of its levels.
You also visited: Sewer.

You collected 39 gold pieces.

Inventory:

Hand Weapons
 c - a +2 short sword of venom (weapon)
Missiles
 d - 18 stones
Jewellery
 f - a ring of willpower (left tentacle)
Scrolls
 b - a scroll of teleportation
Potions
 e - a potion of brilliance {unknown}
 h - a potion of ambrosia {unknown}
 i - 3 potions of heal wounds {unknown}
 k - a potion of degeneration {unknown}
 n - a potion of magic


   Skills:
 + Level 5.1 Fighting
 - Level 2.0 Dodging
 + Level 1.2 Stealth
 - Level 3.0 Unarmed Combat
 + Level 2.2 Spellcasting
 - Level 3.0 Transmutations
 - Level 2.0 Poison Magic


You had 3 spell levels left.
You knew the following spells:

 Your Spells              Type           Power      Damage    Failure   Level
a - Beastly Appendage     Tmut           24%        N/A       5%          1
b - Wereblood             Tmut           12%        N/A       8%          2
c - Spider Form           Tmut/Pois      11%        N/A       19%         3

Your spell library contained the following spells:

 Spells                   Type           Power      Damage    Failure   Level
 Freeze                   Ice            8%         1d3       19%         1
 Frozen Ramparts          Ice            4%         1d2       47%         3
 Ice Form                 Ice/Tmut       7%         N/A       67%         4
 Hailstorm                Conj/Ice       2%         3d3       87%         4


Dungeon Overview and Level Annotations

Branches:
Dungeon (3/15)              Sewer (1/1)

Altars:
Ru

Annotations:
D:2 1 runed translucent door, Crazy Yiuf Sewer Grinder


Innate Abilities, Weirdness & Mutations

You cannot wear most types of armour.
You are amphibious.
You can wear up to eight rings at the same time.
Your skin changes colour to match your surroundings (Stealth+).
Your rubbery body absorbs attacks. (AC +1, EV +1)
You are camouflaged when in or above water. (Stealth+)
You have tentacles for arms and can constrict up to eight enemies at once.


Message History

Your primal bloodlust has ended.
The quasit splashes around in the water.
The quasit claws you but does no damage.
The quasit barely misses you. The quasit bites you.
* * * LOW HITPOINT WARNING * * *
The quasit claws you.
* * * LOW HITPOINT WARNING * * *
You feel clumsy.
The quasit splashes around in the water.
You hit the quasit but do no damage. Your grab misses the quasit.
Your squeeze misses the quasit.
The quasit is lightly wounded.
The quasit splashes around in the water. x2
The quasit claws you but does no damage.
The quasit bites you.
* * * LOW HITPOINT WARNING * * *
The quasit claws you but does no damage. x2
You miss the quasit. Your grab misses the quasit.
The quasit is lightly wounded.
The quasit splashes around in the water.
The quasit claws you.
* * * LOW HITPOINT WARNING * * *
The quasit claws you.
* * * LOW HITPOINT WARNING * * *
You feel clumsy. The quasit barely misses you.
The quasit claws you but does no damage.
The quasit splashes around in the water.
You miss the quasit. Your grab misses the quasit.
Your squeeze misses the quasit.
The quasit is lightly wounded.
The quasit bites you.
* * * LOW HITPOINT WARNING * * *
The quasit claws you.
* * * LOW HITPOINT WARNING * * *
You feel clumsy. The quasit claws you.
* * * LOW HITPOINT WARNING * * *
The quasit bites you.
You die...

≈≈≈≈≈≈#...≈≈≈≈≈≈≈#≈≈≈#
≈≈≈≈≈≈#...#≈≈≈≈≈≈#≈≈≈#
≈≈≈≈≈≈≈...≈≈≈≈≈≈≈#≈≈≈#
≈≈≈≈≈≈#...≈≈≈≈≈≈≈#≈≈≈#
≈≈≈≈≈≈#...#≈≈≈≈≈≈#≈≈≈#
≈≈≈≈≈≈≈.).#≈≈≈≈≈≈#≈≈≈#
≈≈≈≈≈≈#...#≈≈≈≈≈≈#≈≈≈#
≈≈≈≈≈≈#...≈≈≈≈≈≈≈#≈≈≈#
≈≈≈≈≈≈#...#≈≈≈≈≈@#≈≈≈#
≈≈≈≈≈...≈....≈≈5≈#≈≈≈#
.≈≈≈..#≈≈≈#.(≈.≈.#.≈≈#
......#≈≈≈#((..()#.≈≈#
'#######≈#######'#≈≈≈#
......#...#......#≈≈≈#
≈≈.≈≈≈.....≈≈≈≈≈)≈..≈#
≈≈≈≈≈≈#...#≈≈≈≈≈≈#≈≈≈#
########'#############


You could see a quasit.

Vanquished Creatures
  A quasit (Sewer)
  Jessica (D:2)
  Robin (D:2)
  4 gnolls (D:2)
  4 shadow imps (Sewer)
  8 ufetubi (Sewer)
  2 worms
  2 dart slugs
  5 ball pythons
  4 endoplasms
  4 giant cockroaches
  13 goblins
  6 hobgoblins
  8 jackals
  4 quokkas
  5 bats
  3 frilled lizards (D:2)
  A giant cockroach zombie (Sewer)
  14 kobolds
  2 kobold zombies (Sewer)
  9 rats
  A spectral goblin (D:1)
102 creatures vanquished.

Vanquished Creatures (others)
  An endoplasm (Sewer)
  2 kobold zombies (Sewer)
3 creatures vanquished.

Grand Total: 105 creatures vanquished

Notes
Turn   | Place    | Note
-------+----------+-------------------------------------------
     0 | D:1      | oldriver the Octopode Transmuter began the quest for the
                  | Orb.
     0 | D:1      | Reached XP level 1. HP: 13/13 MP: 3/3
   166 | D:1      | Reached skill level 2 in Fighting
   166 | D:1      | Reached XP level 2. HP: 12/19 MP: 3/5
   919 | D:1      | Found a faded altar of an unknown god.
  1084 | D:1      | Reached XP level 3. HP: 24/25 MP: 4/6
  1151 | D:1      | Learned a level 2 spell: Wereblood
  1155 | D:1      | Learned a level 3 spell: Spider Form
  1173 | D:1      | Reached skill level 3 in Fighting
  1513 | D:2      | Noticed Jessica
  1531 | D:2      | Killed Jessica
  1532 | D:2      | Reached skill level 1 in Poison Magic
  1532 | D:2      | Reached XP level 4. HP: 29/31 MP: 5/7
  1640 | D:2      | Noticed Robin
  2335 | D:2      | Found a runed translucent door.
  2336 | D:2      | Noticed Crazy Yiuf
  2412 | D:2      | Found a sacrificial altar of Ru.
  2494 | D:2      | Reached XP level 5. HP: 32/36 MP: 6/8
  2738 | D:2      | Killed Robin
  3371 | D:3      | Reached skill level 4 in Fighting
  3477 | D:3      | Found a glowing drain.
  3481 | Sewer    | Entered a sewer
  4176 | Sewer    | Reached XP level 6. HP: 45/45 MP: 5/9
  4235 | Sewer    | Noticed Grinder
  4270 | Sewer    | Found a burning altar of Makhleb.
  4273 | Sewer    | Reached skill level 5 in Fighting
  4720 | Sewer    | Reached skill level 1 in Stealth
  4983 | Sewer    | Paralysed by Grinder for 7 turns
  5003 | Sewer    | Paralysed by Grinder for 7 turns
  5070 | Sewer    | Paralysed by Grinder for 5 turns
  5125 | Sewer    | Paralysed by Grinder for 4 turns
  5224 | Sewer    | Lost dexterity.
  5241 | Sewer    | HP: 2/45 [quasit (2)]
  5241 | Sewer    | Slain by a quasit

Illustrated notes

Levels and vault maps discovered:
D:1:      sevenhm_arrival_forest_fort_large_4, layout_basic,
          dreamdust_ecumenical_altar_drowned_temple
D:2:      cheibrodos_helix_gallery, layout_basic, basic_altar,
          uniq_crazy_yiuf_cottage, uniq_robin, uniq_jessica
D:3:      layout_rooms, nicolae_tso_swordbearing_angel, gup_sewer_entry_spiral,
          minmay_liquid_box
Sewer:    kennysheep_sewer_church

Skill      XL: |  1  2  3  4  5  6 |
---------------+-------------------+-----
Fighting       | 2 3 4 5 |  5.1
Poison Magic   | 1 2 |  2.0
Transmutations | 3 |  3.0
Stealth        | 1 |  1.2
Dodging        | |  2.0
Unarmed Combat | |  3.0
Spellcasting   | |  2.2

Action                   |  1- 3 |  4- 6 || total
-------------------------+-------+-------++-------
Melee: Unarmed           |    18 |       ||    18
       Kick              |    15 |    36 ||    51
       Constrict         |    14 |    52 ||    66
       Tentacles         |    11 |    24 ||    35
       Short sword       |    41 |   151 ||   192
       Punch             |     1 |     2 ||     3
Throw: Stone             |       |    22 ||    22
 Cast: Beastly Appendage |    21 |    38 ||    59
       Wereblood         |     1 |    25 ||    26
       Spider Form       |       |     1 ||     1
  Use: Scroll            |       |     8 ||     8
 Stab: Sleeping          |     5 |     1 ||     6
Armor: Skin              |     5 |    31 ||    36
Dodge: Dodged            |    31 |   138 ||   169

Table legend: (Time is in decaauts)
 A = Elapsed time spent in this place.
 B = Non-inter-level travel time spent in this place.
 C = Inter-level travel time spent in this place.
 D = Time resting spent in this place.
 E = Time spent auto-exploring this place.
 F = Levels seen in this place.
 G = Mean time per level.
                   A        B        C        D        E       F      G
               +--------+--------+--------+--------+--------+-----+--------+
         Total |   5271 |   5154 |    117 |   1626 |   2210 |   4 | 1317.8 |
       Dungeon |   3490 |   3373 |    117 |    846 |   1939 |   3 | 1163.3 |
         Sewer |   1781 |   1781 |      0 |    780 |    271 |   1 | 1781.0 |
               +--------+--------+--------+--------+--------+-----+--------+

Top non-repeatable levels by time:
   Sewer: 1781 daAuts
     D:1: 1773 daAuts
     D:2: 1598 daAuts
     D:3: 119 daAuts
